 Dungeon Crawl Stone Soup version 0.29.0-15-g675c0067aa (webtiles) character file.

Game seed: 1291906318421002127

225 qw the Chopper (level 6, 0/38 HPs)
             Began as a Gargoyle Fighter on Sept 12, 2022.
             Slain by a gnoll
             ... wielding a +0 spear
              (6 damage)
             ... on level 6 of the Dungeon.
             The game lasted 00:00:45 (2351 turns).

qw the Chopper (Gargoyle Fighter)                   Turns: 2351, Time: 00:00:45

Health: 0/38       AC: 11    Str: 22    XL:     6   Next: 1%
Magic:  6/6        EV:  9    Int:  8    God:
Gold:   109        SH:  4    Dex:  9    Spells: 5/5 levels left

rFire   . . .      SeeInvis .   Y - +0 war axe
rCold   . . .      Faith    .   c - +0 buckler
rNeg    + . .      Spirit   .   b - +0 scale mail
rPois   inf        Reflect  .   (no helmet)
rElec   +          Harm     .   (no cloak)
rCorr   .          Rampage  .   (no gloves)
Will    .....                   (no boots)
Stlth   ..........              (no amulet)
HPRegen 0.12/turn               (no ring)
MPRegen 0.10/turn               (no ring)

@: no status effects
A: sickness immunity, AC +4, negative energy resistance 1, electricity
resistance, torment resistance 1, petrification resistance
a: no special abilities


You were on level 6 of the Dungeon.
You visited 1 branch of the dungeon, and saw 4 of its levels.

You collected 109 gold pieces.


Innate Abilities, Weirdness & Mutations

You are immune to sickness and miasma.
Your stone body is resilient. (AC +4)
You are immune to poison.
You resist negative energy. (rN+)
You are resistant to electric shocks. (rElec)
You are resistant to unholy torment.
You are immune to petrification.


   Skills:
 - Level 4.0 Fighting
 - Level 5.1 Axes
 - Level 3.2 Armour
 + Level 0.0 Dodging
 - Level 3.2 Shields


You had 5 spell levels left.
You didn't know any spells.
Your spell library was empty.

Inventory:

Hand Weapons
 l - a +0 whip
 Y - a +0 war axe (weapon)
Armour
 b - a +0 scale mail (worn)
 c - a +0 buckler (worn)
Scrolls
 h - 3 scrolls of blinking
 k - a scroll of identify
Potions
 a - a potion of haste
 d - a potion of might
 e - a potion of curing {unknown}
 g - a potion of heal wounds {unknown}
 i - a potion of flight {unknown}

Dungeon Overview and Level Annotations

Branches:
Dungeon (6/15)
 Temple: D:4-7

Altars:

Shops:
D:1 :![


Message History

The gnoll is almost dead.
You hit the orc wizard.
You kill the orc wizard!
The gnoll hits you but does no damage. The gnoll closely misses you.
You slash the gnoll!
You kill the gnoll!
You hit the gnoll. You slash the orc!
You kill the orc!
The gnoll hits you with a +0 whip.
The gnoll hits you but does no damage. x2
The gnoll barely misses you. The gnoll hits you but does no damage.
You slash the gnoll!
You kill the gnoll!
You barely miss the adder. The adder barely misses you.
The adder bites you but does no damage. The gnoll barely misses you.
You block the gnoll's attack.
Your Fighting skill increases to level 4!
You have reached level 6!
You slash the orc priest!
The orc priest is heavily wounded.
You hit the adder but do no damage. The adder barely misses you.
The gnoll hits you from afar with a +0 spear!
The orc priest hits you but does no damage.
The gnoll barely misses you. The adder bites you but does no damage.
You hit the orc priest but do no damage.
The orc priest is heavily wounded.
You hit the adder. You block the gnoll's attack. The gnoll misses you.
The orc priest hits you with a +0 hand axe.
The adder bites you but does no damage.
You hit the orc priest.
The orc priest is almost dead.
You miss the adder. You block the adder's attack.
The gnoll hits you from afar with a +0 halberd!
You block the gnoll's attack.
The orc priest looks braver for a moment.
The adder misses you.
The gnoll hits you from afar with a +0 spear.
You die...

##..#### #......#
. #......# ..
#.....## ...
#.....##
....###.....###
.........)....##
(..............#
#....o@.....>..#
#....gS)........#
.....g..........#
................#
.#..............#
....###.........#
#.#. #>.#......
### #..##....


You could see an orc priest, 2 gnolls and an adder.

Vanquished Creatures
  An ice beast (D:6)
  Jessica (D:3)
  An orc wizard (D:6)
  2 gnolls (D:6)
  2 adders
  4 orcs
  4 ball pythons
  2 bats (D:1)
  5 endoplasms
  A giant cockroach (D:1)
  3 goblins
  2 hobgoblins
  4 kobolds
  4 quokkas
  4 frilled lizards
  4 rats
44 creatures vanquished.

Notes
Turn   | Place    | Note
-------+----------+-------------------------------------------
     0 | D:1      | qw the Gargoyle Fighter began the quest for the Orb.
     0 | D:1      | Reached XP level 1. HP: 14/14 MP: 1/1
     0 | D:1      | 0 ||| qw: Version: 0.1-a-119-g272c26d
     0 | D:1      | 0 ||| qw: Game counter: 10994
     0 | D:1      | 0 ||| qw: Always use a shield: true
     0 | D:1      | 0 ||| qw: God list: Okawaru
     0 | D:1      | 0 ||| qw: Allow faded altars: false
     0 | D:1      | 0 ||| qw: Do Orc after D:15 true
     0 | D:1      | 0 ||| qw: Do second Lair branch before Depths: true
     0 | D:1      | 0 ||| qw: Lair rune preference: random
     0 | D:1      | 0 ||| qw: Plans: Normal, Zot, God:TSO, Crypt, Tomb, Pan,
                  | Slime, Hells, Zig, Abyss, Orb
     0 | D:1      | 0 ||| PLANNING D:1-11
    30 | D:1      | 30 ||| Stepping ~*~*~tactically~*~*~ (stealth).
    38 | D:1      | Reached skill level 2 in Axes
    48 | D:1      | 48 ||| Stepping ~*~*~tactically~*~*~ (stealth).
   201 | D:1      | Reached XP level 2. HP: 19/19 MP: 2/2
   418 | D:1      | Found Awomacsea's Distillery.
   479 | D:1      | 479 ||| SHOPLISTING potion of attraction (33 gold, have
                  | 25).
   479 | D:1      | 479 ||| SHOPLISTING potion of curing (33 gold, have 25).
   479 | D:1      | 479 ||| SHOPLISTING potion of heal wounds (55 gold, have
                  | 25).
   479 | D:1      | 479 ||| SHOPLISTING potion of might (44 gold, have 25).
   525 | D:1      | Found Qosonuigh's Antique Armour Boutique.
   534 | D:1      | 534 ||| SHOPLISTING glowing scarf (216 gold, have 25).
   534 | D:1      | 534 ||| SHOPLISTING helmet (121 gold, have 25).
   534 | D:1      | 534 ||| SHOPLISTING shiny scale mail (189 gold, have 25).
   922 | D:1      | Reached skill level 3 in Axes
  1202 | D:1      | Found Tehong's Book Shoppe.
  1249 | D:1      | Reached XP level 3. HP: 23/23 MP: 3/3
  1275 | D:1      | 1275 ||| READING scroll labelled LUOSTU GUPRE.
  1276 | D:1      | 1276 ||| READING scroll labelled UKHATU DEPS.
  1277 | D:1      | 1277 ||| READING scroll labelled LOOB AKUPO.
  1480 | D:2      | 1480 ||| Stepping ~*~*~tactically~*~*~ (stealth).
  1722 | D:2      | 1722 ||| DROPPING +0 club.
  1903 | D:2      | 1903 ||| READING 4 scrolls labelled MUOMOCRE ZORIH.
  1904 | D:2      | 1904 ||| READING scroll labelled RAVVOE CEQI.
  1905 | D:2      | 1905 ||| DRINKING 2 lumpy white potions.
  1906 | D:2      | 1906 ||| READING 2 scrolls of identify.
  1906 | D:2      | 1906 ||| IDENTIFYING clear potion
  1907 | D:2      | 1907 ||| DROPPING potion of ambrosia.
  1930 | D:3      | Noticed Jessica
  1933 | D:3      | Killed Jessica
  1934 | D:3      | Reached skill level 4 in Axes
  1934 | D:3      | Reached XP level 4. HP: 21/28 MP: 4/4
  1934 | D:3      | 1934 ||| FLEEEEING.
  1935 | D:3      | 1935 ||| FLEEEEING.
  1936 | D:3      | 1936 ||| STAIRDANCE
  2031 | D:3      | 2031 ||| STAIRDANCE
  2063 | D:3      | 2063 ||| STAIRDANCE
  2106 | D:3      | 2106 ||| STAIRDANCE
  2159 | D:3      | 2159 ||| STAIRDANCE
  2188 | D:3      | 2188 ||| Stepping ~*~*~tactically~*~*~ (stealth).
  2191 | D:3      | 2191 ||| Stepping ~*~*~tactically~*~*~ (stealth).
  2238 | D:3      | You fall into a shaft and drop 3 floors!
  2273 | D:6      | Noticed an ice beast
  2282 | D:6      | Killed an ice beast
  2283 | D:6      | Reached skill level 5 in Axes
  2283 | D:6      | Reached XP level 5. HP: 26/32 MP: 5/5
  2349 | D:6      | Reached XP level 6. HP: 25/38 MP: 6/6
  2351 | D:6      | HP: 6/38 [gnoll/+0 halberd (8)]
  2351 | D:6      | Slain by a gnoll

Levels and vault maps discovered:
D:1:      dpeg_arrival_shelter, layout_loops_corners, serial_shops,
          nicolae_shop_hallway_plus, shop_statue, nicolae_shop_trees,
          roderic_serpentine_path
D:2:      layout_basic
D:3:      layout_basic, mainiacjoe_overflow_catwalk_spiral,
          chequers_ecumenical_altar_island, st_stairs_7, nrook_mini_vaults,
          minmay_misc_feat_rows, roderic_batcave, uniq_jessica
D:6:      gammafunk_cloud_chamber, layout_cave_pools, zin_treasury,
          minmay_temple_entry_junction, uniq_blork_the_orc

Skill      XL: |  1  2  3  4  5 |
---------------+----------------+-----
Axes           | 2 3 4 5 |  5.1
Fighting       | 4 |  4.0
Armour         | |  3.2
Shields        | |  3.2

Action                   |  1- 3 |  4- 6 || total
-------------------------+-------+-------++-------
Melee: War axe           |    84 |    43 ||   127
  Use: Scroll            |     6 |       ||     6
       Potion            |     1 |       ||     1
Armor: Scale mail        |    34 |    28 ||    62
Dodge: Dodged            |    45 |    23 ||    68
Block: Buckler           |    15 |     9 ||    24

Table legend:
 A = Non-vault XP
 B = Vault XP
 C = Vault XP percentage of total XP
 D = Non-vault monster count
 E = Vault monster count
 F = Vault count percentage of total count
                 A         B        C        D         E       F
            +---------+---------+-------+---------+---------+-------
      Total |     270 |      52 |  16.1 |      41 |       3 |   6.8
            +---------+---------+-------+---------+---------+-------
        D:1 |      34 |       0 |   0.0 |      20 |       0 |   0.0
        D:2 |      32 |       1 |   3.0 |      12 |       1 |   7.7
        D:3 |       7 |      51 |  87.9 |       3 |       2 |  40.0
        D:6 |     197 |       0 |   0.0 |       6 |       0 |   0.0
            +---------+---------+-------+---------+---------+-------
